AoeStats
← Very ellegant player

Four Lakes

509870597Analyzed
1v1 RM · 2d ago on Sep 28, 2026· 57m 4s· 2 players
Game mode
Random Map
Map size
Tiny (2 player)
Population
200
Speed
Normal
Resources
Standard
Victory
Conquest
Starting age
Dark Age
Ending age
Imperial Age
RankedLock teamsTeams togetherTeam positionsShared explorationLock speedFull tech treeHidden civsTurbo modeCheats
Victory
Defeat
🇦🇷 Bengalis · Argentina
1188
+14
🇧🇷 Varangians · Brazil
1149
-14
Dart Feld
3:36 Loom
10:58 Feudal Age
11:44 Double-Bit Axe
16:31 Castle Age
16:07 Bloodlines
16:06 Scale Barding Armor
16:12 Forging
17:17 Gold Mining
17:42 Husbandry
23:17 Iron Casting
22:32 Fletching
28:51 Bow Saw
29:32 Fishing Lines
30:00 Horse Collar
34:47 Imperial Age
33:43 Wheelbarrow
33:46 Vendel Legacy
34:55 Cavalier
36:27 Chain Barding Armor
38:34 Bodkin Arrow
40:18 Light Cavalry
41:33 Conscription
41:53 Hand Cart
44:43 Stone Mining
46:17 Plate Barding Armor
46:43 Blast Furnace
47:54 Ballistics
52:26 Chemistry
51:22 Murder Holes
Very ellegant player
6:52 Loom
12:09 Feudal Age
13:10 Horse Collar
13:23 Double-Bit Axe
14:03 Horse Collar
17:00 Loom
19:31 Castle Age
19:18 Fishing Lines
20:30 Pikeman
21:52 Bow Saw
22:44 Squires
22:58 Forging
22:49 Scale Mail Armor
26:17 Imperial Age
24:48 Chain Mail Armor
26:57 Iron Casting
31:47 Sanctity
31:28 Gold Mining
33:48 Redemption
33:31 Arson
35:07 Wheelbarrow
35:24 Illumination
35:12 Fervor
35:55 Halberdier
37:20 Block Printing
37:50 Theocracy
39:13 Blast Furnace
45:27 Conscription
52:25 Siege Elephant
Connection lost

Rejoining the realm…

Still unreachable

The connection could not be restored.

Session expired

The server has moved on; the page needs a fresh start.